 Dungeon Crawl Stone Soup version 0.30.1 (webtiles) character file.

Game seed: 17775324431694944481

520 Sanktem7 the Chopper (level 7, -10/52 (61) HPs)
             Began as a Minotaur Fighter on July 12, 2023.
             Mangled by Edmund
             ... wielding a +2 dire flail of draining
              (14 damage)
             ... on level 4 of the Dungeon.
             The game lasted 00:04:59 (2494 turns).

Sanktem7 the Chopper (Minotaur Fighter)             Turns: 2494, Time: 00:05:00

HP:   -10/52 (61)   AC:  9    Str: 23    XL:     7   Next: 1%
MP:   6/6           EV:  9    Int:  5    God:
Gold: 174           SH:  4    Dex:  9    Spells: 6/6 levels left

rFire   . . .        a - +0 war axe {axe}
rCold   . . .        c - +0 buckler
rNeg    . . .        b - +0 scale mail
rPois   .            (helmet restricted)
rElec   .            (no cloak)
rCorr   .            i - +0 pair of gloves
SInv    .            w - +0 pair of boots
Will    .....        (no amulet) Stlth
                     (no ring)
HPRegen 0.28/turn    (no ring)
MPRegen 0.10/turn

%: no passive effects
@: heavily drained
A: horns 2, retaliatory headbutt
a: no special abilities


You were on level 4 of the Dungeon.
You visited 1 branch of the dungeon, and saw 4 of its levels.

You collected 174 gold pieces.


Innate Abilities, Weirdness & Mutations

You have a pair of horns on your head.
You reflexively headbutt those who attack you in melee.


   Skills:
 + Level 5.3 Fighting
 * Level 6.1 Axes
 + Level 5.3 Armour
 + Level 5.4 Shields


You had 6 spell levels left.
You didn't know any spells.
Your spell library contained the following spells:

 Spells                   Type           Power      Damage    Failure   Level
 Kiss of Death            Conj/Necr      0%         2d5       83%         1
 Shock                    Conj/Air       0%         1d3       83%         1
 Slow                     Hex            0%         N/A       83%         1
 Confusing Touch          Hex            0%         N/A       99%         3
 Stone Arrow              Conj/Erth      0%         3d7       99%         3
 Swiftness                Air            0%         N/A       99%         3
 Vampiric Draining        Necr           0%         2d6       99%         3
 Airstrike                Air            0%         2d(0-16)  100%        4
 Animate Armour           Summ/Erth      0%         N/A       100%        4
 Dispel Undead            Necr           0%         3d6       100%        4
 Malign Gateway           Summ/Tloc      0%         N/A       100%        7
 Lehudib's Crystal Spear  Conj/Erth      0%         10d2      100%        8
 Summon Horrible Things   Summ           0%         N/A       100%        8

Inventory:

Hand Weapons
 a - a +0 war axe (weapon) {axe}
 n - a +0 whip of holy wrath {mace}
   (You found it on level 2 of the Dungeon)
Missiles
 g - 28 stones (quivered) {throwing}
 q - 6 curare-tipped darts {=fthrowing}
Armour
 b - a +0 scale mail (worn)
 c - a +0 buckler (worn)
 i - a +0 pair of gloves (worn)
   (You found it on level 1 of the Dungeon)
 w - a +0 pair of boots (worn)
   (You found it on level 3 of the Dungeon)
Wands
 x - a wand of digging (6)
   (You took it off Grinder on level 4 of the Dungeon)
Scrolls
 e - 2 scrolls of identify {unknown}
 f - 2 scrolls of fear {unknown}
 h - a scroll of fog {unknown}
 k - a scroll of magic mapping {unknown}
 m - a scroll of immolation {unknown}
 o - 2 scrolls of teleportation {unknown}
 r - a scroll of enchant weapon {unknown}
Potions
 d - 3 potions of might
 j - a potion of mutation {unknown}
 l - a potion of curing {unknown}
 p - a potion of degeneration {unknown}
 s - a potion of flight {unknown}
 t - a potion of berserk rage {!q}
 u - a potion of lignification {unknown}
 v - 3 potions of heal wounds {unknown}

Dungeon Overview and Level Annotations

Branches:
Dungeon (4/15) Zot: 21423
 Temple: D:4-7

Altars:
The Shining One

Annotations:
D:4 Edmund, Ijyb

########.....#
#.....#
#.....#
#.....+
+.....#
#.....# .
#)....# ...
##.....##..#
#.....@)w..#
#.....g@...#
#..........#
#...!......#
#########..#
.... ...: ....


You could see Edmund (berserk), Ijyb and a dart slug.


Message History

You slash the quokka!
You kill the quokka!
No target in view!
No target in view!
No target in view!
No target in view!
No target in view!
No target in view!
No target in view!
No target in view!
No target in view!
No target in view!
No target in view!
An adder comes into view.
An adder is nearby!
An adder is nearby!
An adder is nearby!
A dart slug comes into view.
A ball python comes into view.
The ball python hisses angrily.
You hear a shout! x3
You block the adder's attack.
Edmund the Younger comes into view.
He is wielding a +2 dire flail of draining.
You completely miss the adder. The adder closely misses you.
The adder bites you but does no damage. The dart slug launches a dart at you.
The slug dart hits you but does no damage.
You hit the adder. The adder bites you but does no damage.
You block the adder's attack.
You barely miss the adder. The adder bites you but does no damage.
Ijyb the Twisted Goblin comes into view.
She is wielding a +0 dagger and carrying a wand of polymorph (3).
You barely miss the adder. Your headbutt misses the adder.
You hit the ball python. The adder bites you but does no damage.
The ball python barely misses you. The ball python closely misses you.
An orc comes into view. It is wielding a +0 club.
Edmund grinds his teeth, and then sighs.
Edmund drinks a potion.
Edmund goes berserk!
The adder bites you but does no damage.
The ball python bites you but does no damage.
The ball python grabs you. The ball python constricts you.
You barely miss the adder.
You hit the ball python but do no damage.
The adder bites you.
The ball python bites you but does no damage.
The ball python constricts you. 😕 HP[-1]
You take 1 damage, and now have 55/56 hp.
You hit the adder but do no damage. You slash the ball python!
You kill the ball python!
Edmund rages.
You block the adder's attack.
Edmund hits you with a +2 dire flail of draining!
You feel drained.
The adder bites you but does no damage. 😮 HP[-18]
You now have 54 max hp (-2).
You take 18 damage, and now have 37/54 hp.
MASSIVE DAMAGE!! (PAUSE)
You hit Edmund. You headbutt Edmund, but do no damage. You slash the adder!
You kill the adder!
Edmund hits you with a +2 dire flail of draining.
You feel drained. The dart slug launches a dart at you.
You block the slug dart. Edmund hits you but does no damage.
You feel drained.
The orc throws a boomerang.
The boomerang hits you but does no damage.
You have reached level 7! 😮 HP[-3] MP[+1]
You now have 56 max hp (+2).
You take 3 damage, and now have 34/56 hp.
Your mp is fully restored (6).
You closely miss Edmund. Your headbutt misses Edmund.
Edmund hits you with a +2 dire flail of draining!
* * * LOW HITPOINT WARNING * * *
You feel drained.
* * * LOW HITPOINT WARNING * * *
Edmund closely misses you. 😨 HP[-17]
You now have 54 max hp (-2).
You take 17 damage, and now have 17/54 hp.
MASSIVE DAMAGE!! (PAUSE)
You slash Edmund! Your headbutt misses Edmund. You closely miss the orc.
Edmund barely misses you. The orc barely misses you.
Edmund hits you with a +2 dire flail of draining!
* * * LOW HITPOINT WARNING * * *
You feel drained. 😱 HP[-14]
You now have 52 max hp (-2).
You take 14 damage, and now have 3/52 hp.
MASSIVE DAMAGE!! (PAUSE)
You barely miss Edmund. You hit the orc. The orc hits you but does no damage.
You block Edmund's attack. The orc closely misses you.
You closely miss Edmund. You headbutt Edmund! You closely miss Ijyb.
You slash the orc!
You kill the orc!
Edmund closely misses you.
Edmund hits you with a +2 dire flail of draining!
You die...

Skill      XL: |  1  2  3  4  5  6 |
---------------+-------------------+-----
Axes           | 3 5 6 |  6.1
Armour         | 4 5 |  5.3
Shields        | 4 5 |  5.4
Fighting       | 4 5 |  5.3

Action                     |  1- 3 |  4- 6 |  7- 9 || total
---------------------------+-------+-------+-------++-------
  Melee: War axe           |    77 |    86 |     4 ||   167
         Headbutt          |     8 |    10 |     1 ||    19
 Armour: Scale mail        |    46 |    47 |     1 ||    94
  Dodge: Dodged            |    38 |    40 |     5 ||    83
  Block: Buckler           |    30 |    16 |     1 ||    47

Levels and vault maps discovered:
D:1:      heliophobic_arrival_ceremonial_halls, layout_basic,
          ebering_ecumenical_altar_hall, st_stairs_5, minmay_pentomino_t2
D:2:      layout_loops_ring, basic_altar, serial_bayou, serial_bayou_ford_a,
          serial_bayou_shore_a, serial_bayou_pond_d, serial_bayou_crossing,
          roderic_lattice_a, minmay_misc_feat_plants, grunt_ministairs_14,
          minmay_bisected
D:3:      layout_rooms, uniq_sigmund
D:4:      layout_gridville, nicolae_uskayaw_suspiria, zin_scriptorium,
          kennysheep_generic_room_9, uniq_edmund, uniq_grinder, uniq_robin,
          uniq_ijyb

Notes
Turn   | Place    | Note
-------+----------+-------------------------------------------
     0 | D:1      | Sanktem7 the Minotaur Fighter began the quest for the Orb.
     0 | D:1      | Reached XP level 1. HP: 19/19 MP: 0/0
     0 | D:1      | magus.rc [v1.9.6]
    40 | D:1      | Reached XP level 2. HP: 27/27 MP: 1/1
    93 | D:1      | Found a faded altar of an unknown god.
    98 | D:1      | Reached skill level 3 in Axes
   254 | D:1      | Reached skill level 4 in Armour
   254 | D:1      | Reached skill level 4 in Shields
   255 | D:1      | Reached XP level 3. HP: 30/33 MP: 2/2
   255 | D:1      | magus.rc [v1.9.6]
   257 | D:1      | Reached skill level 4 in Fighting
   360 | D:1      | You pick up a book of Armaments and begin reading...
   360 | D:1      | You add the spells Stone Arrow, Animate Armour and
                  | Lehudib's Crystal Spear to your library.
   890 | D:2      | You pick up a book of Debilitation and begin reading...
   890 | D:2      | You add the spells Slow, Vampiric Draining and Confusing
                  | Touch to your library.
  1110 | D:2      | You pick up a book of Touch and begin reading...
  1110 | D:2      | You add the spells Kiss of Death and Dispel Undead to your
                  | library.
  1194 | D:2      | Found a glowing golden altar of the Shining One.
  1544 | D:2      | Reached XP level 4. HP: 40/40 MP: 3/3
  1711 | D:3      | Noticed Sigmund
  1718 | D:3      | Killed Sigmund
  1719 | D:3      | Reached skill level 5 in Axes
  1719 | D:3      | Reached XP level 5. HP: 47/47 MP: 4/4
  1728 | D:3      | You add the spells Malign Gateway and Summon Horrible
                  | Things to your library.
  1757 | D:3      | You pick up a book of Air and begin reading...
  1757 | D:3      | You add the spells Shock, Swiftness and Airstrike to your
                  | library.
  1785 | D:3      | Identified the +1 ring mail of Absence {Regen+}
  2036 | D:3      | Reached XP level 6. HP: 53/55 MP: 5/5
  2258 | D:4      | Noticed Robin
  2267 | D:4      | Reached skill level 5 in Shields
  2270 | D:4      | Reached skill level 5 in Fighting
  2273 | D:4      | Killed Robin
  2331 | D:4      | Noticed Grinder
  2338 | D:4      | Paralysed by Grinder for 2 turns
  2354 | D:4      | Killed Grinder
  2355 | D:4      | Reached skill level 6 in Axes
  2355 | D:4      | Reached skill level 5 in Armour
  2483 | D:4      | Noticed Edmund
  2486 | D:4      | Noticed Ijyb
  2491 | D:4      | Reached XP level 7. HP: 34/56 MP: 6/6
  2492 | D:4      | HP: 3/54 [Edmund/+2 dire flail of draining (15)]
  2494 | D:4      | Mangled by Edmund

Vanquished Creatures
  Grinder (D:4)
  Sigmund (D:3)
  A hound (D:3)
  Robin (D:4)
  2 adders
  2 worms (D:3)
  A dart slug (D:1)
  6 orcs
  9 endoplasms
  5 giant cockroaches
  12 hobgoblins
  7 jackals (D:1)
  11 kobolds
  2 quokkas
  9 ball pythons
  4 bats
  3 frilled lizards
  11 goblins
  4 rats
92 creatures vanquished.

Table legend:
 A = Non-vault XP
 B = Vault XP
 C = Vault XP percentage of total XP
 D = Non-vault monster count
 E = Vault monster count
 F = Vault count percentage of total count
                 A         B        C        D         E       F
            +---------+---------+-------+---------+---------+-------
      Total |     191 |     556 |  74.4 |      68 |      24 |  26.1
            +---------+---------+-------+---------+---------+-------
        D:1 |      41 |      11 |  21.2 |      24 |       5 |  17.2
        D:2 |      37 |       9 |  19.6 |      14 |       5 |  26.3
        D:3 |      89 |     243 |  73.2 |      23 |       1 |   4.2
        D:4 |      24 |     293 |  92.4 |       7 |      13 |  65.0
            +---------+---------+-------+---------+---------+-------

Skill      XL: |  1  2  3  4  5  6 |
---------------+-------------------+-----
Axes           | 3 5 6 |  6.1
Armour         | 4 5 |  5.3
Shields        | 4 5 |  5.4
Fighting       | 4 5 |  5.3

Action                     |  1- 3 |  4- 6 |  7- 9 || total
---------------------------+-------+-------+-------++-------
  Melee: War axe           |    77 |    86 |     4 ||   167
         Headbutt          |     8 |    10 |     1 ||    19
 Armour: Scale mail        |    46 |    47 |     1 ||    94
  Dodge: Dodged            |    38 |    40 |     5 ||    83
  Block: Buckler           |    30 |    16 |     1 ||    47

Illustrated notes

Table legend:
 A = Kills in this place as a percentage of kills in the entire game.
 B = Kills by you in this place as a percentage of kills by you in the entire game.
 C = Kills by friends in this place as a percentage of kills by friends in the entire game.
 D = Other kills in this place as a percentage of other kills in the entire game.
 E = Experience gained in this place as a percentage of experience gained in the entire game.
 F = Experience gained in this place divided by the number of levels of this place that you have seen.
                   A       B       C       D       E      F
               +-------+-------+-------+-------+-------+----------------------
         Total | 100.0 | 100.0 |   N/A |   N/A | 100.0 | 186.8
       Dungeon | 100.0 | 100.0 |   N/A |   N/A | 100.0 | 186.8
               +-------+-------+-------+-------+-------+----------------------

Table legend: (Time is in decaauts)
 A = Elapsed time spent in this place.
 B = Non-inter-level travel time spent in this place.
 C = Inter-level travel time spent in this place.
 D = Time resting spent in this place.
 E = Time spent auto-exploring this place.
 F = Levels seen in this place.
 G = Mean time per level.
                   A        B        C        D        E       F      G
               +--------+--------+--------+--------+--------+-----+--------+
         Total |   2574 |   2521 |     53 |      0 |   2078 |   4 |  643.5 |
       Dungeon |   2574 |   2521 |     53 |      0 |   2078 |   4 |  643.5 |
               +--------+--------+--------+--------+--------+-----+--------+

Top non-repeatable levels by time:
     D:2: 956 daAuts
     D:1: 765 daAuts
     D:3: 568 daAuts
     D:4: 283 daAuts
